 Dungeon Crawl Stone Soup version 0.31-a0-819-gf6de2f5ab6 (webtiles) character file.

Game seed: 7103449397225004818

781 qw the Skirmisher (level 7, -1/44 HPs)
             Began as a Gargoyle Hunter on Sept 23, 2023.
             Slain by an iguana (7 damage)
             ... on level 6 of the Dungeon.
             The game lasted 00:01:55 (4612 turns).

qw the Skirmisher (Gargoyle Hunter)                 Turns: 4612, Time: 00:01:56

Health: -1/44      AC: 15    Str: 14    XL:     7   Next: 85%
Magic:  7/7        EV: 11    Int: 10    God:
Gold:   317        SH:  0    Dex: 15    Spells: 6/6 levels left

rFire   . . .        Y - +1 shortbow
rCold   . . .        (shield currently unavailable)
rNeg    + . .        d - +0 ring mail
rPois   inf          b - +0 helmet
rElec   +            (no cloak)
rCorr   .            (no gloves)
SInv    .            (no boots)
Will    .....        (no amulet)
Stlth   +            c - +4 ring of protection
HPRegen 0.27/turn    (no ring)
MPRegen 0.10/turn

%: no passive effects
@: no status effects
A: sickness immunity, AC +4, negative energy resistance 1, electricity
resistance, torment resistance 1, petrification resistance
a: no special abilities


You were on level 6 of the Dungeon.
You visited 1 branch of the dungeon, and saw 6 of its levels.

You collected 317 gold pieces.


Innate Abilities, Weirdness & Mutations

You are immune to sickness and miasma.
Your stone body is resilient. (AC +4)
You are immune to poison.
You resist negative energy. (rN+)
You are resistant to electric shocks. (rElec)
You are resistant to unholy torment.
You are immune to petrification.


   Skills:
 - Level 5.2 Fighting
 - Level 8.1 Ranged Weapons
 + Level 1.8 Armour
 - Level 1.5 Dodging
 - Level 1.1 Stealth


You had 6 spell levels left.
You didn't know any spells.
Your spell library was empty.

Inventory:

Hand Weapons
 Y - a +1 shortbow (weapon)
Armour
 b - a +0 helmet (worn)
 d - a +0 ring mail (worn)
Jewellery
 c - a +4 ring of protection (left hand)
Wands
 f - a wand of digging (4)
Scrolls
 a - 2 scrolls of identify
 g - a scroll of revelation {unknown}
Potions
 e - a potion of enlightenment
 j - a potion of haste

Dungeon Overview and Level Annotations

Branches:
Dungeon (6/15)
 Temple: D:4-7

Altars:
Ashenzari

Annotations:
D:2 1 runed translucent door, Crazy Yiuf
D:3 2 runed translucent doors, qw's ghost, amateur GrHu


Message History

The hound is almost dead.
The hound closely misses you.
You shoot an arrow. The arrow misses the hound.
The arrow hits the orc warrior!
The orc warrior is severely wounded.
The hound closely misses you. The hound bites you but does no damage.
You shoot an arrow. The arrow hits the hound.
The hound is almost dead.
The hound misses you. The hound bites you but does no damage.
You shoot an arrow. The arrow completely misses the hound.
The arrow hits the orc warrior.
The orc warrior is almost dead.
The hound barely misses you.
You shoot an arrow. The arrow barely misses the hound.
The arrow closely misses the orc warrior.
The arrow hits the shadow imp.
The shadow imp is heavily wounded.
The hound barely misses you. x2
You shoot an arrow. The arrow barely misses the hound.
The arrow hits the orc warrior but does no damage.
The orc warrior is almost dead.
The hound completely misses you. The hound barely misses you.
You shoot an arrow. The arrow completely misses the hound.
The arrow barely misses the orc warrior.
The arrow closely misses the shadow imp.
The hound pauses to sniff the ground.
The hound closely misses you. The hound misses you.
You shoot an arrow. The arrow hits the hound!
You kill the hound!
The orc warrior hits you with a +0 mace!
You shoot an arrow. The arrow hits the orc warrior.
The orc warrior is almost dead.
The orc warrior hits you but does no damage.
You shoot an arrow. The arrow hits the orc warrior.
You kill the orc warrior!
The orc priest looks encouraged for a moment.
Your Fighting skill increases to level 5!
You shoot an arrow.
The arrow hits the iguana but does no damage.
The iguana bites you!
You die...

#....#..#.........###
##...... ##......<..#
##.#....## #.........#
#..#.....####...##[.##
#...........#..####....
#........<.......# .....
.......##.#.##...# .....
[......##...#..#.$......
.!.....@l5....##.#......
.......##o....# ###..
....... #.....# ..
###............#
##...#..#....#
##..#.#####... ##..)
...# ##.. ...# ## ...#


You could see an iguana, an orc priest and a shadow imp.

Vanquished Creatures
  An orc warrior (D:6)
  A phantom (D:5)
  A centaur (D:5)
  A scorpion (D:5)
  3 hounds
  2 jellies (D:4)
  2 orc wizards
  2 iguanas (D:4)
  9 adders
  An ufetubus (D:4)
  A worm (D:3)
  2 dart slugs
  11 orcs
  8 ball pythons
  11 endoplasms
  4 giant cockroaches
  16 goblins
  7 hobgoblins
  10 jackals
  11 kobolds
  2 quokkas
  5 bats
  3 frilled lizards
  7 rats
121 creatures vanquished.

Notes
Turn   | Place    | Note
-------+----------+-------------------------------------------
     0 | D:1      | qw the Gargoyle Hunter began the quest for the Orb.
     0 | D:1      | Reached XP level 1. HP: 12/12 MP: 1/1
     0 | D:1      | 0 ||| qw: Version: 0.3-a-83-gcd0e7d8
     0 | D:1      | 0 ||| qw: Game counter: 1454
     0 | D:1      | 0 ||| qw: Melee chars always use a shield: true
     0 | D:1      | 0 ||| qw: God list: Okawaru
     0 | D:1      | 0 ||| qw: Allow faded altars: false
     0 | D:1      | 0 ||| qw: Do Orc after clearing Dungeon:15 true
     0 | D:1      | 0 ||| qw: Do second Lair branch before Depths: true
     0 | D:1      | 0 ||| qw: Lair rune preference: random
     0 | D:1      | 0 ||| qw: Goals: Normal
     0 | D:1      | 0 ||| PLANNING D:1-11
   129 | D:1      | Reached XP level 2. HP: 17/17 MP: 2/2
   197 | D:1      | Reached XP level 3. HP: 16/21 MP: 3/3
   283 | D:1      | Reached skill level 5 in Ranged Weapons
   305 | D:1      | Found a faded altar of an unknown god.
   822 | D:1      | 822 ||| READING scroll labelled QIBRAIRPHUFU.
   823 | D:1      | 823 ||| READING scroll labelled GOGUIC GEUCIV.
   824 | D:1      | 824 ||| DRINKING 2 puce potions.
   829 | D:1      | 829 ||| DROPPING scroll of butterflies.
   830 | D:1      | 830 ||| DROPPING potion of ambrosia.
   873 | D:1      | Reached skill level 3 in Fighting
   917 | D:2      | Reached XP level 4. HP: 22/28 MP: 4/4
  1345 | D:2      | Found a runed translucent door.
  1346 | D:2      | Noticed Crazy Yiuf
  1692 | D:2      | 1692 ||| UPGRADING to +0 helmet.
  1697 | D:2      | 1697 ||| READING scroll labelled EMMUKL KANIKKU.
  1754 | D:3      | 1754 ||| STAIRDANCE
  1823 | D:3      | 1823 ||| STAIRDANCE
  1990 | D:3      | Reached XP level 5. HP: 32/32 MP: 5/5
  2023 | D:3      | Found a runed translucent door.
  2035 | D:3      | Found a broken altar of Ashenzari.
  2039 | D:3      | Noticed qw's ghost (amateur GrHu)
  2043 | D:3      | Identified the +2 chain mail of Insecurity {Contam Harm rF-
                  | rC+++}
  2140 | D:3      | Found a runed translucent door.
  2251 | D:3      | Reached skill level 6 in Ranged Weapons
  2377 | D:3      | 2377 ||| READING 2 scrolls labelled HAEKIL UHATT.
  2378 | D:3      | 2378 ||| READING scroll labelled BECYDOANUP.
  2393 | D:3      | 2393 ||| DRINKING 2 metallic puce potions.
  2394 | D:3      | 2394 ||| DRINKING 2 lumpy coppery potions.
  2499 | D:3      | 2499 ||| DRINKING 2 cyan potions.
  2500 | D:3      | 2500 ||| DROPPING potion of berserk rage.
  2621 | D:4      | Reached skill level 1 in Armour
  2829 | D:4      | 2829 ||| DRINKING potion of curing.
  2829 | D:4      | 2829 ||| (to cure confusion)
  2967 | D:4      | Reached XP level 6. HP: 16/38 MP: 6/6
  3586 | D:4      | 3586 ||| UPGRADING to +0 ring mail.
  3596 | D:4      | 3596 ||| DROPPING +0 leather armour.
  3597 | D:4      | 3597 ||| DRINKING 2 sapphire potions.
  3621 | D:4      | 3621 ||| READING 3 scrolls of identify.
  3621 | D:4      | 3621 ||| IDENTIFYING pink potion
  3622 | D:4      | 3622 ||| DROPPING potion of lignification.
  3623 | D:4      | 3623 ||| DROPPING potion of brilliance.
  3640 | D:5      | Entered Level 5 of the Dungeon
  3667 | D:5      | Reached skill level 7 in Ranged Weapons
  3667 | D:5      | Reached XP level 7. HP: 42/43 MP: 7/7
  4281 | D:5      | Reached skill level 8 in Ranged Weapons
  4499 | D:5      | 4499 ||| UPGRADING to +4 ring of protection.
  4500 | D:5      | 4500 ||| READING scroll labelled ITYHUU SAZE.
  4501 | D:5      | 4501 ||| READING 4 scrolls of identify.
  4501 | D:5      | 4501 ||| IDENTIFYING glowing red potion
  4502 | D:5      | 4502 ||| READING 3 scrolls of identify.
  4502 | D:5      | 4502 ||| IDENTIFYING silvery potion
  4584 | D:6      | HP: 7/43 [orc warrior/+0 mace (9)]
  4585 | D:6      | 4585 ||| READING scroll of teleportation.
  4586 | D:6      | 4586 ||| DRINKING potion of heal wounds.
  4588 | D:6      | 4588 ||| RETREEAATING.
  4589 | D:6      | 4589 ||| STILL RETREEAATING.
  4590 | D:6      | 4590 ||| Stepping ~*~*~tactically~*~*~ (retreating).
  4591 | D:6      | 4591 ||| Stepping ~*~*~tactically~*~*~ (retreating).
  4592 | D:6      | 4592 ||| Stepping ~*~*~tactically~*~*~ (retreating).
  4593 | D:6      | 4593 ||| Stepping ~*~*~tactically~*~*~ (retreating).
  4594 | D:6      | 4594 ||| Stepping ~*~*~tactically~*~*~ (retreating).
  4595 | D:6      | 4595 ||| Stepping ~*~*~tactically~*~*~ (retreating).
  4596 | D:6      | 4596 ||| Stepping ~*~*~tactically~*~*~ (retreating).
  4597 | D:6      | 4597 ||| Stepping ~*~*~tactically~*~*~ (retreating).
  4598 | D:6      | 4598 ||| Stepping ~*~*~tactically~*~*~ (retreating).
  4601 | D:6      | HP: 9/43 [orc priest/divine providence (9)]
  4609 | D:6      | HP: 5/43 [orc warrior/+0 mace (7)]
  4612 | D:6      | Slain by an iguana

Levels and vault maps discovered:
D:1:      minmay_arrival_shattered_statue, layout_loops_ring,
          ebering_ecumenical_altar_sacrificial,
          amcnicky_mini_rare_corridor_liquid
D:2:      layout_basic, minmay_pentomino_pile, uniq_crazy_yiuf_cottage
D:3:      layout_rooms, general_overflow_altar, ebering_ghost_sewer_f
D:4:      layout_gridville, wad_floor_pattern_untrapped
D:5:      layout_gridville, chequers_serial_rivers_room_b
D:6:      layout_cave_pools, nemelex_spade_bored_becter,
          minmay_temple_entry_glassed_door, kennysheep_generic_room_14

Skill      XL: |  1  2  3  4  5  6  7 |
---------------+----------------------+-----
Ranged Weapons | 5 6 7 8 |  8.1
Fighting       | 3 4 5 |  5.2
Armour         | 1 |  1.8
Dodging        | |  1.5
Stealth        | |  1.1

Action                     |  1- 3 |  4- 6 |  7- 9 || total
---------------------------+-------+-------+-------++-------
   Fire: Shortbow          |   139 |   236 |    80 ||   455
    Use: Scroll            |     2 |     4 |     4 ||    10
         Potion            |     1 |     5 |     1 ||     7
 Armour: Leather armour    |    39 |    76 |       ||   115
         Ring mail         |       |     5 |    51 ||    56
  Dodge: Dodged            |    53 |    64 |    40 ||   157

Table legend:
 A = Non-vault XP
 B = Vault XP
 C = Vault XP percentage of total XP
 D = Non-vault monster count
 E = Vault monster count
 F = Vault count percentage of total count
                 A         B        C        D         E       F
            +---------+---------+-------+---------+---------+-------
      Total |    1108 |       9 |   0.8 |     115 |       6 |   5.0
            +---------+---------+-------+---------+---------+-------
        D:1 |      72 |       0 |   0.0 |      40 |       0 |   0.0
        D:2 |      62 |       9 |  12.7 |      23 |       6 |  20.7
        D:3 |      51 |       0 |   0.0 |      14 |       0 |   0.0
        D:4 |     319 |       0 |   0.0 |      23 |       0 |   0.0
        D:5 |     429 |       0 |   0.0 |      12 |       0 |   0.0
        D:6 |     175 |       0 |   0.0 |       3 |       0 |   0.0
            +---------+---------+-------+---------+---------+-------
